 Dungeon Sprint DCSS version 0.31.0-32-g396128a36d (webtiles) character file.

Game seed: 8783006750780240725

25247 Heoruswealwe the Minotaur Porcupine (level 12, -34/134 HPs)
             Began as a Minotaur Fighter on Mar 13, 2024.
             Was an Initiate of Gozag.
             Killed from afar by a fire dragon (44 damage)
             ... with a blast of flame
             ... in the Dungeon (Sprint IX: "|||||||||||||||||||||||||||||").
             The game lasted 00:26:00 (3116 turns).

Heoruswealwe the Minotaur Porcupine (MiFi)          Turns: 3116, Time: 00:26:00

Health: -34/134    AC: 32    Str: 30    XL:     12   Next: 87%
Magic:  11/11      EV:  9    Int:  5    God:    Gozag
Gold:   1914       SH:  0    Dex:  9    Spells: 11/11 levels left

rFire   . . .        b - +5 bardiche (flame)
rCold   . . .        (shield currently unavailable)
rNeg    . . .        c - +2 plate armour
rPois   .            g - +2 hat
rElec   .            h - +1 cloak
rCorr   +            f - +1 pair of gloves
SInv    .            e - +1 pair of boots
Will    .....        i - amulet of the acrobat Stlth
                     k - +3 ring of strength
HPRegen 0.42/turn    j - ring of resist corrosion
MPRegen 0.12/turn

%: no teleportation, acrobat
@: gold aura, slowed, very slow
A: horns 2, retaliatory headbutt
a: Renounce Religion, Potion Petition, Call Merchant, Bribe Branch


You were in the Dungeon.
You worshipped Gozag.
Gozag was most pleased with you.
You visited 1 branch You collected 9550 gold pieces.
You spent 3998 gold pieces at shops.
You paid 3638 gold pieces to Gozag.

Inventory:

Hand Weapons
 a - a +0 trident
 b - a +5 bardiche of flaming (weapon)
 A - the +10 dark maul {heavy}
   (You bought it in a shop in the Dungeon)
Armour
 c - a +2 plate armour (worn)
 d - a +0 buckler
 e - a +1 pair of boots (worn)
 f - a +1 pair of gloves (worn)
 g - a +2 hat (worn)
 h - a +1 cloak (worn)
Jewellery
 i - an amulet of the acrobat (around neck)
 j - a ring of resist corrosion (right hand)
 k - a +3 ring of strength (left hand)
Wands
 p - a wand of paralysis (15)
 q - a wand of polymorph (9)
 s - a wand of acid (10)
Scrolls
 r - 7 scrolls of enchant armour
 t - 3 scrolls of blinking
Potions
 l - 2 potions of mutation
 m - 2 potions of curing
 n - a potion of cancellation
 v - a potion of berserk rage
Miscellaneous
 o - a condenser vane
 u - a sack of spiders


   Skills:
 + Level 20.7 Fighting
 O Level 27 Polearms
 + Level 20.7 Armour
 - Level 3.6 Shields


You had 11 spell levels left.
You didn't know any spells.
Your spell library was empty.

Dungeon Overview and Level Annotations

Branches:
Dungeon (1/1)

Altars:
Cheibriados
Dithmenos
Elyvilon
Fedhas
Gozag
Hepliaklqana
Kikubaaqudgha
Makhleb
Nemelex Xobeh
Okawaru
Qazlal
Ru
Sif Muna
Trog
Uskayaw
Vehumet
Wu Jian
Xom
Yredelemnul
Zin
The Shining One
Jiyva
Lugonu

Shops:
D ((([(*((


Innate Abilities, Weirdness & Mutations

You have a pair of horns on your head.
You reflexively headbutt those who attack you in melee.


Message History

The spriggan berserker hits you but does no damage.
The spriggan berserker closely misses you.
The spriggan berserker hits you but does no damage.
There is an open door to the Dungeon, spattered with blood here.
Items here: ))))) [[[.
The spriggan berserker attacks as it pursues you!
The spriggan berserker misses you. You furiously retaliate!
You headbutt the spriggan berserker!
The spriggan berserker hits you but does no damage.
The spriggan berserker misses you.
You slice the spriggan berserker!! You burn the spriggan berserker!
Your headbutt misses the spriggan berserker.
The spriggan berserker is severely wounded.
The spriggan berserker hits you but does no damage.
You slash the spriggan berserker! You burn the spriggan berserker.
The spriggan berserker is almost dead.
The spriggan berserker closely misses you.
You furiously retaliate!
You headbutt the spriggan berserker.
The spriggan berserker hits you with a +0 war axe!!
* * * LOW HITPOINT WARNING * * *
You feel better.
The spriggan berserker hits you with a +0 war axe!!
* * * LOW HITPOINT WARNING * * *
The spriggan berserker hits you but does no damage.
You closely miss the spriggan berserker.
The spriggan berserker is almost dead.
The spriggan berserker hits you with a +0 war axe.
* * * LOW HITPOINT WARNING * * *
The spriggan berserker hits you with a +0 war axe!
* * * LOW HITPOINT WARNING * * *
You feel better.
The spriggan berserker hits you with a +0 war axe!
* * * LOW HITPOINT WARNING * * *
The spriggan berserker completely misses you.
You slice the spriggan berserker!! You burn the spriggan berserker.
You kill the spriggan berserker!
The fire dragon breathes flames at you. The blast of flame hits you!!!
You die...
Your body crumbles into a pile of gold.

▓.▓.▓.▓.▓.▓.▓_▓
▓.▓.▓.▓.▓.▓.▓_▓
▓.▓.▓.▓.▓.▓.▓_▓
▓.▓.▓.▓.▓.▓.▓_▓
▓.▓.▓.▓.▓.▓.▓_▓
▓.▓.▓.▓.▓.▓.▓_▓
▓.▓.▓.▓.▓.▓.▓_▓
▓.▓.▓)▓.▓.▓.▓_▓
▓@▓.▓[▓.▓'▓.▓'▓
▓$▓.▓.▓.▓.▓.▓!▓
▓D▓.▓.▓.▓.▓.▓?▓
▓.▓.▓.▓.▓.▓.▓)▓
▓.▓.▓.▓.▓.▓.▓[▓
▓.▓.▓∩▓.▓.▓.▓=▓
▓.▓.▓.▓.▓.▓.▓.▓
▓.▓.▓∩▓.▓.▓.▓.▓
▓.▓.▓.▓.▓.▓.▓.▓


You could see a fire dragon (catching breath).

Vanquished Creatures
  A lich (D)
  Gastronok (D)
  An ettin (D)
  A catoblepas (D)
  2 hydras (D)
  An ogre mage (D)
  A two-headed ogre (D)
  A tengu warrior (D)
  2 centaur warriors (D)
  5 death yaks (D)
  2 boulder beetles (D)
  An orc high priest (D)
  A spriggan berserker (D)
  Urug (D)
  A glowing orange brain (D)
  7 orc knights (D)
  4 orc sorcerers (D)
  2 manticores (D)
  An elephant (D)
  A black mamba (shapeshifter) (D)
  3 black mambas (D)
  3 cane toads (D)
  A torpor snail (D)
  An efreet (D)
  A komodo dragon (D)
  A troll (D)
  A hornet (D)
  A blink frog (D)
  A vampire (D)
  A wyvern (D)
  3 wraiths (D)
  4 yaks (D)
  2 basilisks (D)
  A water moccasin (D)
  8 orc warriors (D)
  2 bullfrogs (D)
  2 orc priests (D)
  A hound (D)
  4 orc wizards (D)
  An adder (D)
  A dart slug (D)
  A ribbon worm (D)
  14 orcs (D)
  A ball python (D)
  An endoplasm (D)
  2 quokkas (D)
  A bat (D)
100 creatures vanquished.

Notes
Turn   | Place    | Note
-------+----------+-------------------------------------------
     0 | D        | Heoruswealwe the Minotaur Fighter began the quest for the
                  | Orb.
     0 | D        | Reached XP level 1. HP: 19/19 MP: 0/0
     5 | D        | Reached skill level 3 in Polearms
    13 | D        | Reached skill level 4 in Polearms
    17 | D        | Noticed a hound
    23 | D        | Reached XP level 2. HP: 23/28 MP: 1/1
    26 | D        | Reached skill level 5 in Fighting
    26 | D        | Reached skill level 6 in Polearms
    26 | D        | Reached skill level 5 in Armour
    26 | D        | Reached XP level 3. HP: 28/36 MP: 2/2
    47 | D        | Found a snail-covered altar of Cheibriados.
    47 | D        | Found a shadowy altar of Dithmenos.
    47 | D        | Found a white marble altar of Elyvilon.
    47 | D        | Found a blossoming altar of Fedhas.
    47 | D        | Found an opulent altar of Gozag.
    48 | D        | Found a hazy altar of Hepliaklqana.
    49 | D        | Found a viscous altar of Jiyva.
    50 | D        | Found an ancient bone altar of Kikubaaqudgha.
    51 | D        | Found a corrupted altar of Lugonu.
    52 | D        | Found a burning altar of Makhleb.
    53 | D        | Found a sparkling altar of Nemelex Xobeh.
    54 | D        | Found an iron altar of Okawaru.
    55 | D        | Became a worshipper of Gozag Ym Sagoz the Greedy
    56 | D        | Found a stormy altar of Qazlal.
    57 | D        | Found a sacrificial altar of Ru.
    58 | D        | Found a shimmering blue altar of Sif Muna.
    59 | D        | Found a bloodstained altar of Trog.
    60 | D        | Found a hide-covered altar of Uskayaw.
    61 | D        | Found a radiant altar of Vehumet.
    62 | D        | Found an ornate altar of the Wu Jian Council.
    63 | D        | Found a shimmering altar of Xom.
    64 | D        | Found a basalt altar of Yredelemnul.
    65 | D        | Found a glowing silver altar of Zin.
    66 | D        | Found a glowing golden altar of the Shining One.
   132 | D        | Noticed a vampire
   132 | D        | Noticed a wraith
   132 | D        | Noticed a two-headed ogre
   132 | D        | Noticed a wyvern
   132 | D        | Noticed a troll
   152 | D        | Killed a two-headed ogre
   153 | D        | Reached skill level 10 in Fighting
   153 | D        | Reached skill level 13 in Polearms
   153 | D        | Reached skill level 10 in Armour
   153 | D        | Reached XP level 4. HP: 26/51 MP: 3/3
   153 | D        | Reached XP level 5. HP: 29/58 MP: 4/4
   153 | D        | Reached XP level 6. HP: 33/66 MP: 5/5
   153 | D        | Reached XP level 7. HP: 36/72 MP: 6/6
   159 | D        | Killed a vampire
   160 | D        | Reached skill level 14 in Polearms
   161 | D        | Killed a wraith
   242 | D        | Killed a troll
   243 | D        | Reached skill level 15 in Polearms
   243 | D        | Reached XP level 8. HP: 26/82 MP: 7/7
   422 | D        | Noticed an efreet
   422 | D        | Noticed a manticore
   422 | D        | Noticed a manticore
   425 | D        | Killed an efreet
   426 | D        | Reached skill level 16 in Polearms
   429 | D        | Killed a manticore
   433 | D        | Reached skill level 17 in Polearms
   433 | D        | Reached XP level 9. HP: 68/92 MP: 8/8
   441 | D        | Killed a manticore
   442 | D        | a black bear changed into a black mamba
   442 | D        | Noticed a black mamba (shapeshifter)
   453 | D        | Killed a black mamba
   454 | D        | Reached skill level 18 in Polearms
   685 | D        | Noticed a torpor snail
   685 | D        | Noticed a black mamba
   685 | D        | Noticed a cane toad
   688 | D        | Killed a torpor snail
   691 | D        | Noticed a komodo dragon
   703 | D        | Killed a black mamba
   704 | D        | Reached skill level 19 in Polearms
   706 | D        | Killed a cane toad
   707 | D        | Reached XP level 10. HP: 87/104 MP: 9/9
   716 | D        | Reached skill level 20 in Polearms
   762 | D        | Noticed a cane toad
   762 | D        | Noticed a cane toad
   762 | D        | Noticed a catoblepas
   762 | D        | Noticed an eight-headed hydra
   767 | D        | Noticed a black mamba
   768 | D        | Killed a cane toad
   769 | D        | Reached skill level 15 in Fighting
   769 | D        | Reached skill level 15 in Armour
   772 | D        | Killed a cane toad
   776 | D        | Noticed an elephant
   783 | D        | Noticed a black mamba
   788 | D        | Killed a catoblepas
  1031 | D        | Killed an elephant
  1032 | D        | Reached skill level 21 in Polearms
  1036 | D        | Killed an 18-headed hydra
  1040 | D        | Killed a black mamba
  1043 | D        | Killed a black mamba
  1113 | D        | Noticed a death yak
  1113 | D        | Noticed a death yak
  1113 | D        | Noticed a death yak
  1113 | D        | Noticed a death yak
  1117 | D        | Killed a death yak
  1118 | D        | Reached skill level 22 in Polearms
  1118 | D        | Reached XP level 11. HP: 115/115 MP: 10/10
  1119 | D        | Noticed a death yak
  1125 | D        | Killed a death yak
  1133 | D        | Killed a death yak
  1139 | D        | Killed a death yak
  1147 | D        | Killed a death yak
  1148 | D        | Reached skill level 23 in Polearms
  1384 | D        | Noticed an orc high priest
  1412 | D        | Killed an orc high priest
  1675 | D        | Noticed an orc knight
  1675 | D        | Noticed an orc knight
  1675 | D        | Noticed an ettin
  1675 | D        | Noticed an orc sorcerer
  1680 | D        | Killed an orc knight
  1686 | D        | Killed an orc knight
  1693 | D        | Killed an ettin
  1694 | D        | Reached skill level 24 in Polearms
  1698 | D        | Killed an orc sorcerer
  1707 | D        | Noticed an orc knight
  1723 | D        | Killed an orc knight
  2024 | D        | Found Jykhlyevo's Antique Weapon Emporium.
  2024 | D        | Noticed an orc knight
  2024 | D        | Noticed an orc sorcerer
  2040 | D        | Noticed an orc knight
  2047 | D        | Killed an orc knight
  2048 | D        | Noticed an orc sorcerer
  2052 | D        | Killed an orc sorcerer
  2053 | D        | Reached XP level 12. HP: 72/128 MP: 8/11
  2067 | D        | Reached skill level 25 in Polearms
  2297 | D        | Found Segg's Antique Weapon Shoppe.
  2301 | D        | Found Xistouf's Weapon Emporium.
  2305 | D        | Found Jaogyfov's Antique Armour Shoppe.
  2328 | D        | Paralysed by an orc sorcerer for 2 turns
  2628 | D        | Bought a pair of embroidered gloves for 217 gold pieces
  2666 | D        | Bought the +10 dark maul {heavy} for 1992 gold pieces
  2666 | D        | Found the +10 dark maul {heavy}
  2677 | D        | Bought a murky cyan potion for 25 gold pieces
  2677 | D        | Bought a scroll labelled CAUTENEALU for 28 gold pieces
  2677 | D        | Bought a scroll of identify for 56 gold pieces
  2677 | D        | Bought a scroll of blinking for 210 gold pieces
  2677 | D        | Bought a scroll of enchant armour for 210 gold pieces
  2677 | D        | Bought an agate ring for 140 gold pieces
  2677 | D        | Bought a sack of spiders for 1120 gold pieces
  2755 | D        | Noticed Gastronok
  2765 | D        | Killed Gastronok
  2838 | D        | Noticed Urug
  2843 | D        | Killed Urug
  3040 | D        | Noticed a seven-headed hydra
  3040 | D        | Noticed a centaur warrior
  3040 | D        | Noticed an ogre mage
  3040 | D        | Noticed a boulder beetle
  3042 | D        | Killed a five-headed hydra
  3043 | D        | Reached skill level 26 in Polearms
  3044 | D        | Killed a centaur warrior
  3045 | D        | Noticed a centaur warrior
  3048 | D        | Killed an ogre mage
  3049 | D        | Noticed a boulder beetle
  3055 | D        | Noticed a tengu warrior
  3058 | D        | Noticed a lich
  3061 | D        | Killed a centaur warrior
  3075 | D        | Killed a lich
  3082 | D        | Reached skill level 27 in Polearms
  3088 | D        | Killed a tengu warrior
  3089 | D        | Killed a boulder beetle
  3091 | D        | Killed a boulder beetle
  3102 | D        | Noticed a fire dragon
  3105 | D        | Noticed an ettin
  3116 | D        | Killed from afar by a fire dragon

Illustrated notes

Levels and vault maps discovered:
D:        linesprint [early_d, line_temple, items_1, d_10, items_2, lair_1,
          lair_end, items_3, orc_1, orc_end, items_4, d_15, swamp_1, shoals_1,
          snake_1, spider_1, d_20, vaults_1, items_5, swamp_end, shoals_end,
          snake_end, spider_end, vaults_end, d_27, items_6, zot_1, zot_end,
          crypt_end, forest_end, elf_end, slime_end, tomb_end, abyss_end,
          pan_hell_end]

Skill      XL: |  1  2  3  4  5  6  7  8  9 10 11 12 |
---------------+-------------------------------------+-----
Polearms       | 4 6 13 15 17 19 22 24 27 | 27.0
Fighting       | 4 5 10 11 12 14 16 18 20 | 20.7
Armour         | 4 5 10 11 12 14 16 18 20 | 20.7
Shields        | |  3.6

Action                     |  1- 3 |  4- 6 |  7- 9 | 10-12 || total
---------------------------+-------+-------+-------+-------++-------
  Melee: Trident           |    26 |       |       |       ||    26
         Headbutt          |     5 |       |    13 |    53 ||    71
         Halberd           |    15 |       |    66 |   222 ||   303
         Bardiche          |       |       |       |    41 ||    41
 Invoke: Call Merchant     |       |       |       |     4 ||     4
    Use: Potion            |     5 |       |     2 |    11 ||    18
         Scroll            |       |       |       |     8 ||     8
   Stab: Petrified         |       |       |       |     5 ||     5
         Distracted        |       |       |       |     1 ||     1
 Armour: Scale mail        |    14 |       |       |       ||    14
         Ring mail         |    23 |       |    26 |       ||    49
         Plate armour      |       |       |     7 |   217 ||   224
  Dodge: Dodged            |    11 |       |    15 |    86 ||   112
  Block: Buckler           |     5 |       |       |       ||     5
